 Dungeon Crawl Stone Soup version 0.29.1-12-g30fa7ad0bf (webtiles) character file.

Game seed: 5275247100931961398

56 shrubcannibal the Chopper (level 3, -2/29 HPs)
             Began as a Hill Orc Fighter on Dec 30, 2022.
             Was an Initiate of Yredelemnul.
             Slain by a kobold
             ... wielding a +0 short sword
              (3 damage)
             ... on level 3 of the Dungeon.
             The game lasted 00:22:49 (1995 turns).

shrubcannibal the Chopper (Hill Orc Fighter)        Turns: 1995, Time: 00:22:49

Health: -2/29      AC: 11    Str: 23    XL:     3   Next: 97%
Magic:  3/3        EV:  6    Int:  6    God:    Yredelemnul [......]
Gold:   69         SH:  5    Dex: 13    Spells: 2/2 levels left

rFire   . . .      SeeInvis .   a - +0 war axe
rCold   . . .      Faith    .   c - +0 buckler
rNeg    . . .      Spirit   .   g - +0 plate armour
rPois   .          Reflect  .   (no helmet)
rElec   .          Harm     .   (no cloak)
rCorr   .          Rampage  .   (no gloves)
Will    .....                   (no boots)
Stlth   ..........              (no amulet)
HPRegen 0.09/turn               (no ring)
MPRegen 0.08/turn               (no ring)

@: no status effects
A: agile 1, frail 1, mutation resistance 1, strong 1
a: Renounce Religion, Recall Undead Harvest


You were on level 3 of the Dungeon.
You worshipped Yredelemnul.
Yredelemnul was noncommittal.
You visited 1 branch of the dungeon, and saw 3 of its levels.

You collected 69 gold pieces.

Inventory:

Hand Weapons
 a - a +0 war axe (weapon)
 e - a +0 dagger
 f - a +0 dagger
 h - a +0 dagger
 i - a +0 dagger
 k - a +0 club
 l - a +0 club
 m - a +0 club
 p - a +0 club
 q - a +0 dagger
 r - a +0 dagger
 s - a +0 dagger
 u - a +0 dagger
 v - a +0 dagger
 x - a +0 club
 A - a +0 whip
 B - a +1 dagger of venom
 D - a +0 club
Missiles
 z - 6 atropa-tipped darts (quivered)
Armour
 b - a +0 scale mail
 c - a +0 buckler (worn)
 g - a +0 plate armour (worn)
 y - a +0 robe
Scrolls
 n - a scroll of identify {unknown}
 t - 2 scrolls of butterflies {unknown}
 w - a scroll of teleportation {unknown}
 C - a scroll of acquirement {unknown}
Potions
 d - a potion of might


   Skills:
 + Level 4.1 Fighting
 + Level 4.2 Axes
 + Level 3.6 Armour
 + Level 0.1 Dodging
 + Level 3.6 Shields


You had 2 spell levels left.
You didn't know any spells.
Your spell library was empty.

Dungeon Overview and Level Annotations

Branches:
Dungeon (3/15)

Altars:
Nemelex Xobeh
Yredelemnul

Annotations:
D:3 Grinder


Innate Abilities, Weirdness & Mutations

You are agile. (Dex +4, Str/Int -1)
You are frail. (-10% HP)
You are somewhat resistant to further mutation.
Your muscles are strong. (Str +4, Int/Dex -1)


Message History

The dart slug launches a dart at you. The slug dart hits you.
Grinder blinks!
You hit the dart slug.
The dart slug is severely wounded.
A kobold comes into view. It is wielding a +0 short sword.
The dart slug launches a dart at you. The slug dart hits you.
* * * LOW HITPOINT WARNING * * *
You feel better. Grinder hits your rat zombie.
Your rat zombie is destroyed!
The dart slug bites you but does no damage.
You hit the dart slug.
The dart slug is almost dead.
Grinder blinks!
The dart slug launches a dart at you.
The slug dart hits you but does no damage.
You hit the dart slug.
You kill the dart slug!
The dead are slithering!
You hit the kobold but do no damage.
The kobold hits you with a +0 short sword.
You closely miss the kobold.
The kobold hits you but does no damage. x2
You hit the kobold but do no damage. You hit Grinder.
Your dart slug zombie misses the kobold.
Grinder hits you!
* * * LOW HITPOINT WARNING * * *
You writhe in agony.
* * * LOW HITPOINT WARNING * * *
The kobold hits you but does no damage.
You hit Grinder.
Grinder is heavily wounded.
You hit the kobold. Grinder hits you but does no damage.
The kobold barely misses you.
Your dart slug zombie barely misses the kobold.
You hit Grinder.
Grinder is heavily wounded.
You closely miss the kobold. Grinder hits you but does no damage.
The kobold hits you with a +0 short sword.
You die...
Your body rises from the dead as a mindless zombie.

#### #.. #.# #####.# .
......######...
###########....5......
#.............@K......
#.#########....Z......
#.#...# #...........
#Z#...# #######.....
#.#...# .....
#.#...######### ....
#..Z..........# ##.
.###...#######.#
#.......<# <#


You could see Grinder, a kobold (ally target) and a friendly dart slug zombie.

Vanquished Creatures
  An adder (D:2)
  2 dart slugs
  3 endoplasms
  10 goblins
  4 hobgoblins (D:1)
  A quokka (D:1)
  4 ball pythons
  5 bats
  2 frilled lizards (D:1)
  3 kobolds (D:2)
  4 rats
39 creatures vanquished.

Vanquished Creatures (collateral kills)
  A goblin (D:2)
  A ball python (D:2)
  A rat (D:2)
3 creatures vanquished.

Vanquished Creatures (others)
  A rat zombie (D:3)
  3 fungi (D:2)
  A plant (D:2)
5 creatures vanquished.

Grand Total: 47 creatures vanquished

Notes
Turn   | Place    | Note
-------+----------+-------------------------------------------
     0 | D:1      | shrubcannibal the Hill Orc Fighter began the quest for the
                  | Orb.
     0 | D:1      | Reached XP level 1. HP: 19/19 MP: 1/1
   295 | D:1      | Reached XP level 2. HP: 27/27 MP: 2/2
  1078 | D:2      | Found a sparkling altar of Nemelex Xobeh.
  1081 | D:2      | Reached XP level 3. HP: 33/33 MP: 3/3
  1102 | D:2      | Became a worshipper of Nemelex Xobeh the Trickster
  1243 | D:2      | Found a faded altar of an unknown god.
  1246 | D:2      | Prayed at the altar of an unknown god.
  1246 | D:2      | Fell from the grace of Nemelex Xobeh
  1246 | D:2      | Became a worshipper of Yredelemnul the Dark
  1246 | D:2      | Reached * piety under Yredelemnul
  1561 | D:2      | Gained mutation: Your muscles are strong. (Str +4, Int/Dex
                  | -1) [potion of mutation]
  1561 | D:2      | Gained mutation: You are frail. (-10% HP) [potion of
                  | mutation]
  1561 | D:2      | Gained mutation: You are agile. (Dex +4, Str/Int -1)
                  | [potion of mutation]
  1561 | D:2      | Gained mutation: You are somewhat resistant to further
                  | mutation. [potion of mutation]
  1567 | D:2      | Reached ** piety under Yredelemnul
  1970 | D:3      | Noticed Grinder
  1974 | D:3      | Paralysed by Grinder for 5 turns
  1993 | D:3      | HP: 1/29 [Grinder (3)]
  1995 | D:3      | Slain by a kobold

Illustrated notes

Levels and vault maps discovered:
D:1:      spicycebolla_green_bress_n_ham_2, layout_basic
D:2:      layout_basic, shapermc_ecumenical_altar_mp_ritualfount, basic_altar,
          kennysheep_generic_room_2
D:3:      layout_basic, mainiacjoe_overflow_alcove_1, minmay_splitting_lines,
          uniq_grinder

Skill      XL: |  1  2  3 |
---------------+----------+-----
Fighting       | 4 |  4.1
Axes           | 3 4 |  4.2
Armour         | |  3.6
Dodging        | |  0.1
Shields        | |  3.6

Action                   || total
-------------------------++-------
Melee: War axe           ||   111
  Use: Potion            ||     4
       Scroll            ||     1
Armor: Scale mail        ||    26
       Plate armour      ||    49
Dodge: Dodged            ||    42
Block: Buckler           ||    23
